 Dungeon Crawl Stone Soup version 0.19-a0-376-gf780d9b (webtiles) character file.

41745 nubinia the Zephyrmancer (level 13, -8/101 HPs)
             Began as a Pale Draconian Wizard on May 30, 2016.
             Was the Champion of Sif Muna.
             Mangled by an orc warrior
             ... wielding a +2 dire flail of holy wrath
              (20 damage)
             ... on level 2 of the Orcish Mines.
             The game lasted 02:55:11 (27652 turns).

nubinia the Zephyrmancer (Pale Draconian Wizard)   Turns: 27652, Time: 02:55:11

Health: -8/101     AC: 14    Str: 10    XL:     13   Next: 81%
Magic:  1/27       EV: 15    Int: 20    God:    Sif Muna [******]
Gold:   1945       SH:  0    Dex: 12    Spells: 8 memorised, 10 levels left

rFire  + + .     SeeInvis +     b - +2 flail (protect)
rCold  + . .     Gourm    .     (armour unavailable)
rNeg   + + .     Faith    .     O - -3 buckler of the Comet {rPois rN+ rCorr Int-3} (curse)
rPois  +         Spirit   .     u - +1 hat
rElec  .         Dismiss  .     (no cloak)
rCorr  +         Reflect  .     (no gloves)
SustAt .         Harm     .     (no boots)
MR     .....                    (no amulet)
Stlth  +++.......               V - ring "Diwien" {rF++ rC+ rN+}
                                s - ring of see invisible

@: repel missiles, not resistant to hostile enchantments, fairly stealthy
A: breathe steam, unfitting armour, agile 1, cold-blooded, AC +8
a: Breathe Steam, Channel Energy, Forget Spell, Renounce Religion


You were on level 2 of the Orcish Mines.
You worshipped Sif Muna.
Sif Muna was exalted by your worship.
You were hungry.

You visited 4 branches of the dungeon, and saw 20 of its levels.
You also visited: Labyrinth and Ice Cave.

You collected 2089 gold pieces.
You spent 144 gold pieces at shops.

Inventory:

Hand Weapons
 a - a +3 dagger of venom
 b - a +2 flail of protection (weapon)
 B - the +9 trident "Rurod" {flame, rElec Str+4}
   (You bought it in a shop on level 11 of the Dungeon)

   It has been specially enchanted to burn those struck by it, causing extra
   injury to most foes and up to half again as much damage against particularly
   susceptible opponents.
   It affects your strength (+4).
   It insulates you from electricity.
Missiles
 A - 3 curare-tipped needles
Armour
 u - a +1 hat (worn)
 O - the cursed -3 buckler of the Comet (worn) {rPois rN+ rCorr Int-3}
   (You found it in a labyrinth)

   It affects your intelligence (-3).
   It protects you from poison.
   It protects you from negative energy.
   It protects you from acid and corrosion.
   It has a curse placed upon it.
Magical Staves
 F - an uncursed staff of fire
Jewellery
 i - an uncursed ring of ice
 s - a ring of see invisible (left hand)
 w - an uncursed ring of wizardry
 M - a +4 ring of intelligence
 S - a +3 ring of strength
 V - the ring "Diwien" (right hand) {rF++ rC+ rN+}
   (You found it on level 3 of the Lair of Beasts)

   [ring of positive energy]

   It greatly protects you from fire.
   It protects you from cold.
   It protects you from negative energy.
 X - an uncursed ring of positive energy
Wands
 c - a wand of polymorph (12/24)
 f - a wand of iceblast (3/15)
 g - a wand of iceblast (15/15)
 r - a wand of disintegration (9/24)
 v - a wand of digging (9/24)
 y - a wand of confusion (33/48)
 D - a wand of disintegration (14/24)
 L - a wand of flame (28/48)
 N - a wand of heal wounds (3/9)
 Q - a wand of flame (13/48)
 T - a wand of lightning (6/15)
 Y - a wand of enslavement (15/24)
Scrolls
 d - 3 scrolls of recharging
 e - 7 scrolls of teleportation
 n - 10 scrolls of remove curse
 t - 3 scrolls of enchant weapon
 z - 2 scrolls of magic mapping
Potions
 k - 5 potions of curing
 l - 3 potions of might
 o - 3 potions of brilliance
 q - 2 potions of heal wounds
 x - 5 potions of lignification
 E - a potion of haste {unknown}
 J - 3 potions of cancellation
 R - 2 potions of flight
 W - 3 potions of ambrosia
Books
 j - Tovumos's Incunabulum of Fiery Flight
   (Sif Muna gifted it to you on level 12 of the Dungeon)

   Spells                             Type                      Level
   a - Flame Tongue                   Conjuration/Fire             1
   b - Swiftness                      Charms/Air                   2
   c - Mephitic Cloud                 Conjuration/Poison/Air       3
   d - Freezing Cloud                 Conjuration/Ice/Air          6
   e - Ring of Flames                 Charms/Fire                  7
   f - Delayed Fireball               Conjuration/Fire             7
   g - Fire Storm                     Conjuration/Fire             9
 m - a book of the Earth

   Spells                             Type                      Level
   a - Leda's Liquefaction            Hexes/Earth                  4
   b - Bolt of Magma                  Conjuration/Fire/Earth       5
   c - Statue Form                    Transmutation/Earth          6
   d - Iron Shot                      Conjuration/Earth            6
   e - Shatter                        Earth                        9
Miscellaneous
 p - a fan of gales
 U - a box of beasts
Comestibles
 h - a slice of pizza
 C - 2 bread rations
 G - a chunk of flesh
 K - 13 royal jellies


   Skills:
 + Level 5.6 Fighting
 - Level 0.4 Short Blades
 + Level 1.3 Maces & Flails
 + Level 2.3 Throwing
 + Level 7.9 Dodging
 + Level 7.6 Stealth
 + Level 10.4 Spellcasting
 + Level 8.6 Conjurations
 + Level 3.4 Hexes
 + Level 5.4 Summonings
 + Level 1.8 Translocations
 + Level 9.4 Fire Magic
 * Level 11.1 Air Magic
 - Level 1.1 Poison Magic
 + Level 4.3 Invocations
 + Level 0.7 Evocations


You had 10 spell levels left.
You knew the following spells:

 Your Spells              Type           Power        Failure   Level  Hunger
a - Magic Dart            Conj           ####         1%          1    None
b - Dazzling Spray        Conj/Hex       ####..       2%          3    None
c - Mephitic Cloud        Conj/Pois/Air  #####...     1%          3    None
d - Airstrike             Air            ######....   1%          4    ##.....
e - Summon Lightning Spi  Summ/Air       #####...     4%          4    ##.....
r - Repel Missiles        Chrm/Air       ####..       1%          2    None
B - Blink                 Tloc           N/A          12%         2    None
C - Conjure Flame         Conj/Fire      #####...     1%          3    None


Dungeon Overview and Level Annotations

Branches:
Dungeon (12/15)            Temple (1/1) D:5            Lair (5/8) D:9
    Orc (2/2) D:12            Elf (0/3) Orc:2
  Swamp: Lair:3-6    Shoals: Lair:3-6     Snake: Lair:3-6    Spider: Lair:3-6

Altars:
Ashenzari
Cheibriados
Dithmenos
Elyvilon
Fedhas
Gozag
Hepliaklqana
Kikubaaqudgha
Makhleb
Nemelex Xobeh
Okawaru
Pakellas
Qazlal
Ru
Sif Muna
Trog
Ukayaw
Vehumet
Xom
Yredelemnul
Zin
The Shining One
Beogh

Shops:
D:11 (

Annotations:
D:4 tstbtto's ghost, amateur MiCK
D:5 tstbtto's ghost, novice MiCK
Lair:5 tstbtto's ghost, journeyman MiCK


Innate Abilities, Weirdness & Mutations

You can breathe blasts of scalding, opaque steam.
Your pale cyan-grey scales are hard (AC +8).
Your body does not fit into most forms of armour.
You are cold-blooded and may be slowed by cold attacks.
You are agile. (Dex +2)


Message History

The orc hits you but does no damage. The orc warrior closely misses you.
The orc warrior hits you with a dire flail of holy wrath!!
* * * LOW HITPOINT WARNING * * *
You feel much better. The orc misses you.
The orc warrior hits you from afar with an enchanted glaive!
* * * LOW HITPOINT WARNING * * *
Casting: Summon Lightning Spire
Confirm with . or Enter, or press ? or * to list all spells.
Aiming: Mephitic Cloud
Press: ? - help, Shift-Dir - straight line, f - orc warrior
Aim: an orc warrior, wielding a dire flail of holy wrath and wearing a chain mail (lightly wounded)
The ball explodes into a vile cloud!
The stinking cloud engulfs the orc warrior.
The orc warrior is lightly wounded.
The stinking cloud engulfs the orc warrior.
The orc warrior is lightly wounded.
The stinking cloud engulfs you!
The stinking cloud engulfs the orc.
The orc warrior is engulfed in noxious fumes.
The orc warrior hits you with a dire flail of holy wrath!!
You die...

## ##.## ##...#
.#...## ......#
#######
......###.#.#.##
......##)).o$.8##
...$......(..).ยง##
..o......)..))oo@#
....)....[...).o##
....)..)...)..###
....o.......).#
)....).......##
o.....)...)..#
.o............#
.).............#
.oo...........##


You could see 3 orc warriors, an orc and a friendly lightning spire.

Vanquished Creatures
  Maud (D:10)
  A minotaur (Lab)
  An ogre mage (D:11)
  A death yak (IceCv)
  3 unseen horrors
  A hill giant (D:12)
  An ugly thing (D:12)
  2 cyclopes
  An ice statue (IceCv)
  13 elephants
  A black mamba (Lair:3)
  A centaur zombie (D:12)
  Joseph (D:10)
  7 spiny frogs
  7 gargoyles
  3 rime drakes
  3 komodo dragons
  A queen bee (Lair:4)
  6 polar bears (IceCv)
  3 two-headed ogres
  Grinder (D:4)
  A wraith (D:11)
  A shadow (D:9)
  A spriggan (Lair:5)
  37 yaks
  Sigmund (D:4)
  4 hippogriffs
  A basilisk (Lair:5)
  2 hungry ghosts
  A swamp worm (Lair:4)
  4 vampire mosquitoes (D:11)
  Edmund (D:4)
  7 water moccasins
  2 soldier ants
  5 orc warriors
  6 porcupines
  An ice beast (D:12)
  A black bear (Lair:4)
  A sky beast (D:12)
  3 necrophages
  A phantom (D:7)
  A wasp (D:9)
  18 ogres
  11 wolves
  6 centaurs
  3 crocodiles
  A big kobold (D:12)
  9 giant frogs
  An earth elemental (Lab)
  8 scorpions
  A water moccasin skeleton (D:10)
  5 jellies
  35 killer bees
  A wight (D:11)
  3 howler monkeys
  11 crimson imps
  A giant frog zombie (D:6)
  9 orc priests
  A centaur skeleton (D:9)
  7 hounds
  Jessica (D:3)
  7 iguanas
  18 orc wizards
  7 hell rats (Lair:3)
  6 worker ants
  18 sheep
  A howler monkey zombie (D:7)
  2 worker ant zombies
  3 gnolls
  A howler monkey skeleton (D:7)
  12 adders
  29 river rats
  4 shadow imps
  An ooze (D:6)
  3 adder zombies
  6 worms
  3 dart slugs (D:2)
  6 giant geckos
  49 orcs
  6 giant cockroaches
  2 hobgoblins
  11 jackals
  8 kobolds
  7 quokkas
  3 ball pythons
  7 bats
  A giant gecko zombie (D:9)
  3 giant newts
  3 goblins (D:1)
  A quokka zombie (D:5)
  7 rats
  A fungus (Lair:4)
509 creatures vanquished.

Vanquished Creatures (collateral kills)
  A frost giant (IceCv)
  A death yak (IceCv)
  A hill giant (D:12)
  An orc knight (Orc:2)
  2 orc sorcerers
  An ugly thing (D:12)
  2 trolls
  10 polar bears (IceCv)
  9 yaks (IceCv)
  A naga (shapeshifter) (D:11)
  5 orc warriors
  An ogre (Orc:1)
  3 wolves (IceCv)
  A howler monkey (D:12)
  A quasit (D:12)
  4 orc priests
  2 orc wizards
  17 orcs
  4 kobolds (D:12)
67 creatures vanquished.

Vanquished Creatures (others)
  A scorpion (D:9)
  48 fungi (Lair:5)
  7 plants (Lair:5)
56 creatures vanquished.

Grand Total: 632 creatures vanquished

Notes
Turn   | Place    | Note
--------------------------------------------------------------
     0 | D:1      | nubinia the Draconian Wizard began the quest for the Orb.
     0 | D:1      | Reached XP level 1. HP: 14/14 MP: 4/4
   354 | D:1      | Reached XP level 2. HP: 20/20 MP: 3/6
   385 | D:1      | Learned a level 2 spell: Repel Missiles
  1348 | D:2      | Found a white marble altar of Elyvilon.
  1553 | D:2      | Reached XP level 3. HP: 26/26 MP: 4/8
  1756 | D:2      | Learned a level 3 spell: Mephitic Cloud
  1760 | D:2      | Learned a level 3 spell: Conjure Flame
  2014 | D:3      | Noticed Jessica
  2023 | D:3      | Killed Jessica
  2023 | D:3      | Reached XP level 4. HP: 23/33 MP: 2/10
  3262 | D:3      | Reached XP level 5. HP: 38/38 MP: 8/11
  3462 | D:3      | Found a hazy altar of Hepliaklqana.
  3730 | D:3      | Found a sacrificial altar of Ru.
  4078 | D:3      | Found a glowing golden altar of the Shining One.
  4333 | D:4      | Noticed Edmund
  4334 | D:4      | Reached XP level 6. HP: 40/46 MP: 9/13
  4422 | D:4      | Killed Edmund
  4422 | D:4      | Reached skill level 5 in Spellcasting
  4422 | D:4      | Reached skill level 1 in Air Magic
  4731 | D:4      | Noticed Sigmund
  4741 | D:4      | Killed Sigmund
  4741 | D:4      | Your scales start taking on a pale cyan-grey colour.
  4741 | D:4      | Reached XP level 7. HP: 51/51 MP: 11/14
  4796 | D:4      | Reached skill level 1 in Fighting
  4845 | D:4      | Reached skill level 1 in Poison Magic
  5034 | D:4      | Noticed Grinder
  5054 | D:4      | Noticed tstbtto's ghost (amateur MiCK)
  5460 | D:5      | Entered Level 5 of the Dungeon
  5686 | D:5      | Reached skill level 2 in Air Magic
  5733 | D:5      | Found a staircase to the Ecumenical Temple.
  5757 | Temple   | Entered the Ecumenical Temple
  5901 | Temple   | Became a worshipper of Sif Muna the Loreminder
  6022 | D:5      | Noticed tstbtto's ghost (novice MiCK)
  6023 | D:5      | Noticed a hungry ghost
  6051 | D:5      | Killed a hungry ghost
  6097 | D:5      | Found a blossoming altar of Fedhas.
  6103 | D:5      | Reached skill level 1 in Fire Magic
  6228 | D:5      | Reached XP level 8. HP: 61/61 MP: 12/16
  7017 | D:6      | Reached skill level 3 in Air Magic
  7048 | D:6      | Reached * piety under Sif Muna
  7817 | D:7      | Reached skill level 4 in Air Magic
  7999 | D:7      | Reached skill level 5 in Dodging
  8301 | D:7      | Reached XP level 9. HP: 47/68 MP: 16/18
  8377 | D:7      | Reached skill level 1 in Maces & Flails
  8418 | D:7      | Reached ** piety under Sif Muna
  8779 | D:7      | Found a burning altar of Makhleb.
  8783 | D:7      | Found a snail-covered altar of Cheibriados.
  8783 | D:7      | Found an iron altar of Okawaru.
  8796 | D:7      | Found a stormy altar of Qazlal.
  8800 | D:7      | Found an oddly glowing altar of Pakellas.
  8941 | D:7      | Found a bloodstained altar of Trog.
  9153 | D:8      | Reached skill level 5 in Air Magic
  9182 | D:8      | Reached skill level 5 in Conjurations
  9196 | D:8      | Reached skill level 1 in Invocations
 10273 | D:9      | Reached *** piety under Sif Muna
 10278 | D:9      | Reached skill level 5 in Fire Magic
 10368 | D:9      | Found a staircase to the Lair.
 10503 | D:9      | Found a shimmering altar of Xom.
 10952 | D:9      | Reached XP level 10. HP: 74/74 MP: 9/20
 11201 | Lair:1   | Entered Level 1 of the Lair of Beasts
 11420 | Lair:1   | Reached skill level 6 in Air Magic
 11459 | Lair:1   | Noticed a spiny frog
 11503 | Lair:1   | Reached **** piety under Sif Muna
 12020 | Lair:1   | Reached skill level 5 in Stealth
 12377 | Lair:1   | Killed a spiny frog
 12716 | Lair:2   | Learned a level 2 spell: Blink
 13496 | Lair:2   | Noticed a spiny frog
 13506 | Lair:2   | Killed a spiny frog
 13506 | Lair:2   | Reached ***** piety under Sif Muna
 13841 | Lair:2   | Learned a level 3 spell: Dazzling Spray
 14443 | Lair:3   | Noticed a spiny frog
 14672 | Lair:3   | Killed a spiny frog
 14672 | Lair:3   | Reached XP level 11. HP: 81/81 MP: 19/23
 15376 | D:4      | Killed Grinder
 15627 | Lair:2   | Reached skill level 1 in Hexes
 15857 | Lair:3   | Reached skill level 7 in Air Magic
 16087 | Lair:3   | Reached skill level 1 in Throwing
 17019 | Lair:3   | Got an ancient lead ring
 17021 | Lair:3   | Identified the ring "Diwien" {rF++ rC+ rN+} (You found it on level 3 of the Lair of Beasts)
 17214 | Lair:4   | Found a labyrinth entrance.
 17231 | Lab      | Entered a labyrinth
 17608 | Lab      | Noticed a minotaur
 17628 | Lab      | Killed a minotaur
 17628 | Lab      | Reached ****** piety under Sif Muna
 17628 | Lab      | Received a gift from Sif Muna
 17650 | Lab      | Got an ivory hunting sling
 17650 | Lab      | Got a polished dagger {pain}
 17814 | Lab      | Got a crude buckler
 17820 | Lab      | Identified the cursed -3 buckler of the Comet {rPois rN+ rCorr Int-3} (You found it in a labyrinth)
 17820 | Lab      | Identified the +6 hunting sling of the Lesser Evil {flame, *Drain rElec rF++ rC+} (You took it off a minotaur in a labyrinth)
 17821 | Lab      | Identified the +11 dagger of Joats {pain, *Drain rElec Str+5 Dex+4} (You took it off a minotaur in a labyrinth)
 17926 | Lab      | Learned a level 4 spell: Airstrike
 17931 | Lab      | Learned a level 4 spell: Summon Lightning Spire
 18923 | Lair:4   | Reached skill level 8 in Air Magic
 19340 | Lair:4   | Reached XP level 12. HP: 87/91 MP: 17/25
 19613 | Lair:5   | Noticed a death yak
 19614 | Lair:5   | Noticed a death yak
 19640 | Lair:5   | Noticed a death yak
 19654 | Lair:5   | Noticed a dire elephant
 20015 | Lair:5   | Noticed tstbtto's ghost (journeyman MiCK)
 20793 | D:10     | Entered Level 10 of the Dungeon
 20844 | D:10     | Noticed Joseph
 20864 | D:10     | Killed Joseph
 20910 | D:10     | Noticed Maud
 20989 | D:10     | Killed Maud
 21854 | D:11     | Found a snail-covered altar of Cheibriados.
 21993 | D:11     | Received a gift from Sif Muna
 21994 | D:11     | Identified Sif Muna's Papyrus of Dark Hexes (Sif Muna gifted it to you on level 11 of the Dungeon)
 22154 | D:11     | Noticed an ogre mage
 22163 | D:11     | Reached skill level 9 in Air Magic
 22175 | D:11     | Killed an ogre mage
 22218 | D:11     | Found Iplarghoc's Antique Weapon Shop.
 22304 | D:11     | Bought a steaming trident for 144 gold pieces
 22304 | D:11     | Identified the +9 trident "Rurod" {flame, rElec Str+4} (You bought it in a shop on level 11 of the Dungeon)
 22858 | D:11     | Gained mutation: You passively map a small area around you. [mutagenic meat]
 22859 | D:11     | Gained mutation: You are somewhat resistant to further mutation. [mutagenic meat]
 22860 | D:11     | Lost mutation: You are somewhat resistant to further mutation. [potion of cure mutation]
 22860 | D:11     | Lost mutation: You passively map a small area around you. [potion of cure mutation]
 22861 | D:11     | Gained mutation: Your mind is acute. (Int +2) [mutagenic meat]
 23316 | D:11     | Reached XP level 13. HP: 80/99 MP: 9/26
 23592 | D:12     | Found a frozen archway.
 23611 | D:12     | Gained mutation: Your body sometimes deteriorates upon taking damage. [mutagenic meat]
 23612 | D:12     | Lost mutation: Your body sometimes deteriorates upon taking damage. [potion of cure mutation]
 23612 | D:12     | Lost mutation: Your mind is acute. (Int +2) [potion of cure mutation]
 23613 | D:12     | Gained mutation: Scrolls take you a little longer to read. [mutagenic meat]
 23614 | D:12     | Lost mutation: Scrolls take you a little longer to read. [potion of cure mutation]
 23728 | IceCv    | Entered an ice cave
 23873 | IceCv    | Reached skill level 5 in Fighting
 24310 | IceCv    | Reached skill level 5 in Summonings
 24640 | IceCv    | Reached skill level 10 in Spellcasting
 24640 | IceCv    | Reached skill level 10 in Air Magic
 24781 | IceCv    | Noticed a frost giant
 25298 | IceCv    | Killed a frost giant
 25506 | D:12     | Gained mutation: You are agile. (Dex +2) [potion of beneficial mutation]
 25550 | D:12     | Received a gift from Sif Muna
 25551 | D:12     | Identified Tovumos's Incunabulum of Fiery Flight (Sif Muna gifted it to you on level 12 of the Dungeon)
 25591 | D:12     | Found a staircase to the Orcish Mines.
 26579 | Orc:1    | Entered Level 1 of the Orcish Mines
 27088 | Orc:2    | Entered Level 2 of the Orcish Mines
 27117 | Orc:2    | Found a staircase to the Elven Halls.
 27118 | Orc:2    | Reached skill level 11 in Air Magic
 27169 | Orc:2    | Found a roughly hewn altar of Beogh.
 27650 | Orc:2    | HP: 4/101 [orc warrior/dire flail of holy wrath (18)]
 27652 | Orc:2    | Mangled by an orc warrior

Vault maps used:
D:1:      lemuel_arrival_river_ford
D:2:      elyvilon_altar_4
D:3:      nicolae_tso_swordbearing_angel, lemuel_doored_altar,
          nicolae_ru_great_annihilating_truth, uniq_jessica
D:4:      first_bread, corexii_item_surrounded_by_moat, serial_bayou_lagoon_a,
          uniq_sigmund, uniq_grinder, uniq_edmund
D:5:      fedhas_altar_2, temple_doors_e
D:7:      wad_river_or_something, minmay_overflow_temple_star_hex, basic_altar,
          grunt_ogre_cave
D:9:      kennysheep_little_box, lair_0_dummy, evilmike_minifort
D:10:     uniq_maud, uniq_joseph
D:11:     basic_altar, serial_shops, kennysheep_mini_moat, dk_noncrumbling_2,
          minmay_crystal_room, kennysheep_generic_room_10
D:12:     david_orc_2, portal_ice_cave_rime
Temple:   oiseaux_autumnal_temple_12
Lair:1:   serial_bayou_shore_b, grunt_megastairs_4, infiniplex_staircase_pool,
          lemuel_fruit_fields
Lair:3:   serial_bayou_shore_b, grunt_megastairs_3, lemuel_fruit_fields
Lair:4:   lab_entry_generic
Lair:5:   mu_elephants_graveyard, worms_lemuel, infiniplex_staircase_pool_2
Orc:2:    st_orc_pillars, basic_altar
Lab:      labyrinth_mini_lab, nicolae_lab_big_swirl, lab_statue, lab_fountain,
          nicolae_lab_very_dead_end, nicolae_lab_do_over, nicolae_lab_lava,
          nicolae_lab_x
IceCv:    ice_cave_caverns_02

Skill      XL: |  1  2  3  4  5  6  7  8  9 10 11 12 13 |
---------------+----------------------------------------+-----
Dodging        | 2 3 5 6 7 |  7.9
Spellcasting   | 4 5 6 7 8 9 10 | 10.4
Conjurations   | 2 3 4 5 6 7 8 |  8.6
Stealth        | 2 3 4 5 7 |  7.6
Air Magic      | 1 2 4 5 6 8 9 11 | 11.1
Fighting       | 1 2 3 4 5 |  5.6
Poison Magic   | 1 |  1.1
Fire Magic     | 1 3 5 6 7 9 |  9.4
Maces & Flails | 1 |  1.3
Invocations    | 1 2 4 |  4.3
Hexes          | 3 |  3.4
Throwing       | 1 2 |  2.3
Summonings     | 2 4 5 |  5.4
Short Blades   | |  0.4
Translocations | |  1.8
Evocations     | |  0.7

Action                   |  1- 3 |  4- 6 |  7- 9 | 10-12 | 13-15 || total
-------------------------+-------+-------+-------+-------+-------++-------
Melee: Short sword       |    18 |    50 |       |       |       ||    68
       Tailslap          |     2 |    12 |    33 |    88 |    27 ||   162
       Dagger            |       |    46 |   233 |   549 |    13 ||   841
       Hand axe          |       |       |    19 |       |       ||    19
       Flail             |       |       |     2 |    22 |     3 ||    27
       Trident           |       |       |       |    89 |   269 ||   358
 Fire: Blowgun           |       |       |     5 |    37 |       ||    42
 Cast: Magic Dart        |    78 |   103 |   200 |   172 |    13 ||   566
       Repel Missiles    |     1 |       |       |     1 |     2 ||     4
       Mephitic Cloud    |       |     9 |    28 |   103 |    94 ||   234
       Conjure Flame     |       |       |     5 |    13 |     1 ||    19
       Blink             |       |       |       |    10 |       ||    10
       Dazzling Spray    |       |       |       |    86 |    13 ||    99
       Airstrike         |       |       |       |    18 |    12 ||    30
       Summon Lightning  |       |       |       |     2 |    35 ||    37
Invok: Channel Energy    |       |       |    12 |    20 |    48 ||    80
 Abil: Breathe Steam     |       |       |    16 |    52 |     6 ||    74
Evoke: Wand              |       |       |       |    11 |       ||    11
  Use: Scroll            |     2 |     5 |    11 |    12 |     2 ||    32
       Potion            |       |     1 |       |    11 |     6 ||    18
 Stab: Confused          |       |     5 |     7 |    37 |    23 ||    72
       Sleeping          |       |     1 |     4 |    10 |     2 ||    17
       Paralysed         |       |     1 |       |       |       ||     1
       Invisible         |       |       |       |     3 |       ||     3
       Distracted        |       |       |       |     1 |     2 ||     3
  Eat: Chunk             |     3 |     9 |    25 |    37 |    25 ||    99
       Royal jelly       |       |       |       |     2 |       ||     2
       Fruit             |       |       |       |     3 |       ||     3
       Pizza             |       |       |       |     2 |       ||     2
       Meat ration       |       |       |       |     1 |       ||     1
       Beef jerky        |       |       |       |       |     1 ||     1
Armor: Skin              |    16 |    25 |    45 |   139 |    45 ||   270
Dodge: Dodged            |    20 |    62 |   148 |   399 |   143 ||   772
       Deflected         |     2 |       |     3 |     5 |     7 ||    17
